 Dungeon Crawl Stone Soup version 0.30-a0-718-geaa24f58ff (webtiles) character file.

Game seed: 10456182222441935400

154 Turgor the Sneak (level 5, -1/23 (24) HPs)
             Began as a Vine Stalker Enchanter on Jan 25, 2023.
             Was a Believer of Vehumet.
             Slain by Crazy Yiuf
             ... wielding a +4 quarterstaff of chaos
              (3 damage)
             ... on level 3 of the Dungeon.
             The game lasted 00:11:29 (2219 turns).

Turgor the Sneak (Vine Stalker Enchanter)           Turns: 2219, Time: 00:11:30

HP:   -1/23 (24)    AC:  3    Str: 11    XL:     5   Next: 35%
MP:   0/9           EV: 12    Int: 15    God:    Vehumet [**....]
Gold: 139           SH:  0    Dex: 16    Spells: 0/8 levels left

rFire   . . .      SeeInvis .    j - +2 dagger (speed)
rCold   . . .      Faith    .    (no shield)
rNeg    . . .      Spirit   +    b - +0 robe
rPois   .          Reflect  .    (no helmet)
rElec   .          Harm     .    h - +0 cloak
rCorr   +          Rampage  .    (no gloves)
Will    .....                    (no boots)
Stlth   ++++                     (no amulet)
HPRegen 1.03/turn                k - ring of resist corrosion
MPRegen 0.11/turn                (no ring)

@: lightly drained
A: fangs 2, regeneration 1, magic shield, antimagic bite, no potion heal 2
a: Renounce Religion


You were on level 3 of the Dungeon.
You worshipped Vehumet.
Vehumet was pleased with you.
You visited 1 branch of the dungeon, and saw 3 of its levels.

You collected 139 gold pieces.

Inventory:

Hand Weapons
 j - a +2 dagger of speed (weapon)
Missiles
 f - 10 poisoned darts (quivered)
Armour
 b - a +0 robe (worn)
 h - a +0 cloak (worn)
Jewellery
 k - a ring of resist corrosion (left hand)
Scrolls
 a - a scroll of magic mapping {unknown}
 d - 2 scrolls of teleportation
 i - 2 scrolls of amnesia
Potions
 c - 2 potions of invisibility
 e - a potion of curing
 g - a potion of brilliance
 l - a potion of flight
 m - a potion of magic {unknown}


   Skills:
 + Level 0.0 Fighting
 + Level 1.4 Short Blades
 - Level 1.5 Dodging
 + Level 7.0 Stealth
 * Level 2.4 Spellcasting
 + Level 3.1 Hexes


You couldn't memorise any spells.
You knew the following spells:

 Your Spells              Type           Power      Damage    Failure   Level
a - Ensorcelled Hibernat  Hex/Ice        12%        N/A       17%         2
b - Confusing Touch       Hex            11%        N/A       17%         3
c - Freeze                Ice            4%         1d3       22%         1
d - Scorch                Fire           2%         2d5       32%         2

Your spell library contained the following spells:

 Spells                   Type           Power      Damage    Failure   Level
 Tukima's Dance           Hex            11%        N/A       17%         3
 Dazzling Flash           Conj/Hex       12%        N/A       32%         3
 Spider Form              Tmut/Pois      1%         N/A       54%         3
 Vhi's Electric Charge    Tloc/Air       2%         N/A       54%         3
 Anguish                  Hex/Necr       3%         N/A       73%         4
 Arcjolt                  Conj/Air       0%         1d10      99%         5
 Maxwell's Capacitive Co  Air            0%         ∞         100%        8


Dungeon Overview and Level Annotations

Branches:
Dungeon (3/15)

Altars:
Hepliaklqana
Qazlal
Vehumet

Annotations:
D:3 Crazy Yiuf


Innate Abilities, Weirdness & Mutations

You have extremely sharp teeth.
Your natural rate of healing is unusually fast.
When hurt, damage is shared between your health and your magic reserves.
Your bite disrupts and absorbs the magic of your enemies.
Potions cannot restore your health.


Message History

There is an open door here.
There is an open door here.
You see here a bat corpse.
Found 2 stones.
You see here 2 stones.
There is a stone staircase leading down here.
There is a stone staircase leading up here.
You now have 139 gold pieces (gained 9).
n - a scroll of identify
As you read the scroll of identify, it crumbles to dust.
l - a potion of flight
Found a hammer.
Found a runed translucent door.
You open the door.
Crazy Yiuf shouts!
There is an open translucent door here.
Casting: Ensorcelled Hibernation (safe; 17% risk of failure)
Confirm with . or Enter, or press ? or * to list all spells.
Aiming: Ensorcelled Hibernation (safe; 17% risk of failure)
Press: ? - help, Shift-Dir - straight line, f - Crazy Yiuf
Aim: Crazy Yiuf, wielding a +4 quarterstaff of chaos and wearing a +0 cloak (chance to affect: 49%) Crazy Yiuf resists with some effort.
Casting: Ensorcelled Hibernation (safe; 17% risk of failure)
Confirm with . or Enter, or press ? or * to list all spells.
Aiming: Ensorcelled Hibernation (safe; 17% risk of failure)
Press: ? - help, Shift-Dir - straight line, f/p - Crazy Yiuf
Aim: Crazy Yiuf, wielding a +4 quarterstaff of chaos and wearing a +0 cloak (chance to affect: 49%) Crazy Yiuf resists with some effort.
Crazy Yiuf hits you with a +4 quarterstaff of chaos!
Ouch! That really hurt!
You feel drained.
Casting: Ensorcelled Hibernation (safe; 17% risk of failure)
Confirm with . or Enter, or press ? or * to list all spells.
Aiming: Ensorcelled Hibernation (safe; 17% risk of failure)
Press: ? - help, Shift-Dir - straight line, f/p - Crazy Yiuf
Aim: Crazy Yiuf, wielding a +4 quarterstaff of chaos and wearing a +0 cloak (chance to affect: 49%) Crazy Yiuf resists with some effort.
Crazy Yiuf hits you with a +4 quarterstaff of chaos.
* * * LOW HITPOINT WARNING * * *
Crazy Yiuf burns you.
You die...

#####
#)..#
#...#
#.g.#
#@#
♣.♣♣
♣♣.♣
♣.♣♣
♣♣.♣
♣♣.♣♣
♣♣...♣
.
♣....♣
#
##..##
#.##


You could see Crazy Yiuf.

Vanquished Creatures
  Natasha (thrice) (D:2)
  2 adders (D:2)
  A worm (D:2)
  2 dart slugs
  An orc (D:3)
  8 ball pythons
  2 endoplasms (D:2)
  5 giant cockroaches
  6 goblins
  3 hobgoblins
  2 jackals (D:2)
  3 kobolds
  5 quokkas
  2 bats
  A frilled lizard (D:1)
  6 rats
52 creatures vanquished.

Vanquished Creatures (others)
  5 plants (D:2)
5 creatures vanquished.

Grand Total: 57 creatures vanquished

Notes
Turn   | Place    | Note
-------+----------+-------------------------------------------
     0 | D:1      | Turgor the Vine Stalker Enchanter began the quest for the
                  | Orb.
     0 | D:1      | Reached XP level 1. HP: 9/9 MP: 4/4
    64 | D:1      | Reached skill level 4 in Stealth
    97 | D:1      | Reached XP level 2. HP: 11/13 MP: 6/6
   347 | D:1      | Reached skill level 5 in Stealth
   489 | D:1      | Reached XP level 3. HP: 15/16 MP: 7/7
   544 | D:1      | Learned a level 2 spell: Ensorcelled Hibernation
   548 | D:1      | Learned a level 3 spell: Confusing Touch
   734 | D:2      | Found a faded altar of an unknown god.
   758 | D:2      | Prayed at the altar of an unknown god.
   758 | D:2      | Became a worshipper of Vehumet
   758 | D:2      | Reached * piety under Vehumet
   758 | D:2      | Offered knowledge of Freeze by Vehumet.
   761 | D:2      | Learned a level 1 spell: Freeze
  1209 | D:2      | Reached skill level 6 in Stealth
  1319 | D:2      | Gained mutation: Your natural rate of healing is unusually
                  | fast. [Vine Stalker growth]
  1319 | D:2      | Reached XP level 4. HP: 16/21 MP: 5/8
  1360 | D:2      | Noticed Natasha
  1376 | D:2      | Killed Natasha
  1400 | D:2      | Found a hazy altar of Hepliaklqana.
  1424 | D:2      | Noticed Natasha
  1431 | D:2      | Killed Natasha
  1432 | D:2      | Reached skill level 7 in Stealth
  1442 | D:2      | Noticed Natasha
  1483 | D:2      | Killed Natasha
  1484 | D:2      | Reached skill level 1 in Short Blades
  1484 | D:2      | Reached XP level 5. HP: 24/24 MP: 3/9
  1596 | D:2      | Offered knowledge of Scorch by Vehumet.
  1600 | D:2      | Learned a level 2 spell: Scorch
  1754 | D:2      | Reached ** piety under Vehumet
  1922 | D:3      | Found a stormy altar of Qazlal.
  2211 | D:3      | Found a runed translucent door.
  2212 | D:3      | Noticed Crazy Yiuf
  2219 | D:3      | Slain by Crazy Yiuf

Illustrated notes

Levels and vault maps discovered:
D:1:      eino_arrival_cavern_e, layout_basic
D:2:      wad_lake_hut, layout_rooms, basic_altar, serial_curves,
          eino_curves_04, eino_curves_02, hellmonk_ecumenical_altar_crossroads,
          glass_columns_a, uniq_natasha
D:3:      layout_loops_corners, lemuel_tele_altar, st_stairs_5,
          chequers_mini_garden, kennysheep_generic_room_8,
          uniq_crazy_yiuf_cottage

Skill      XL: |  1  2  3  4 |
---------------+-------------+-----
Stealth        | 4 5 6 7 |  7.0
Short Blades   | 1 |  1.4
Dodging        | |  1.5
Spellcasting   | |  2.4
Hexes          | |  3.1

Action                     |  1- 3 |  4- 6 || total
---------------------------+-------+-------++-------
  Melee: Dagger            |   102 |    37 ||   139
         Bite              |    23 |     8 ||    31
         Punch             |     1 |     2 ||     3
   Cast: Ensorcelled Hiber |     9 |    10 ||    19
    Use: Scroll            |     4 |     2 ||     6
   Stab: Sleeping          |    15 |    10 ||    25
 Armour: Robe              |    18 |     6 ||    24
  Dodge: Dodged            |    43 |    12 ||    55

Table legend: (Time is in decaauts)
 A = Elapsed time spent in this place.
 B = Non-inter-level travel time spent in this place.
 C = Inter-level travel time spent in this place.
 D = Time resting spent in this place.
 E = Time spent auto-exploring this place.
 F = Levels seen in this place.
 G = Mean time per level.
                   A        B        C        D        E       F      G
               +--------+--------+--------+--------+--------+-----+--------+
         Total |   2226 |   2213 |     13 |    139 |   1560 |   3 |  742.0 |
       Dungeon |   2226 |   2213 |     13 |    139 |   1560 |   3 |  742.0 |
               +--------+--------+--------+--------+--------+-----+--------+

Top non-repeatable levels by time:
     D:2: 1085 daAuts
     D:1: 784 daAuts
     D:3: 355 daAuts
